TOP OF THE 1ST |
Miami Marlins batting - Pitching for St. Louis Cardinals : LHP Brad Jonas
|
Pitching: LHP Brad Jonas
|
|
Batting: RHB Roger Salazar
|
0-0: Swinging Strike 0-1: DOUBLE (Line Drive, 9LM, EV 105.6 MPH)
|
Batting: RHB Bert Clark
|
0-0: Ball 1-0: Ball 2-0: Foul Ball, location: 2F 2-1: Foul Ball, location: 2F 2-2: Fly out, F4 (Line Drive, 4, EV 64.4 MPH)
|
Batting: LHB Andre Gorter
|
0-0: Ball 1-0: Foul Ball, location: 2F 1-1: Ball 2-1: Ball 3-1: Base on Balls
|
Batting: RHB Jimmy Groseclose
|
0-0: Called Strike 0-1: Swinging Strike 0-2: Ball 1-2: Ball 2-2: Strikes out swinging
|
Batting: RHB Micah Christopher
|
0-0: SINGLE (Groundball, 6MS, EV 63.8 MPH) (infield hit) Roger Salazar to third Andre Gorter to second
|
Pinch Runner at 1st Seth Tramontano:
|
|
Batting: RHB Justin Huff
|
0-0: Ball 1-0: Fly out, F4 (Line Drive, 4, EV 65.0 MPH)
|
Top of the 1st over - 0 runs, 2 hits, 0 errors, 3 left on base; Miami 0 - St. Louis 0 |
BOTTOM OF THE 1ST |
St. Louis Cardinals batting - Pitching for Miami Marlins : RHP Julian Bush
|
Pitching: RHP Julian Bush
|
|
Now at 1B: Seth Tramontano
|
|
Batting: LHB Tom Butterbaugh
|
0-0: Called Strike 0-1: Called Strike 0-2: Fly out, F9 (Flyball, 9, EV 95.0 MPH)
|
Batting: LHB Ben Rubenacker
|
0-0: Ball 1-0: Foul Ball, location: 2F 1-1: Ball 2-1: Ground out 4-3 (Groundball, 4, EV 110.0 MPH)
|
Batting: SHB Antoine Roux
|
0-0: Ball 1-0: SINGLE (Line Drive, 7LM, EV 98.8 MPH)
|
Batting: LHB Frank Hill
|
0-0: Foul Ball, location: 2F 0-1: Ball 1-1: Ball 2-1: Fly out, F9 (Flyball, 9, EV 93.8 MPH)
|
Bottom of the 1st over - 0 runs, 1 hit, 0 errors, 1 left on base; Miami 0 - St. Louis 0 |
TOP OF THE 2ND |
Miami Marlins batting - Pitching for St. Louis Cardinals : LHP Brad Jonas
|
Batting: RHB Steve Barnard
|
0-0: SINGLE (Groundball, 6D, EV 103.1 MPH)
|
Batting: RHB Mark Barger
|
0-0: Ball 1-0: Called Strike 1-1: Ball 2-1: Ball 3-1: Base on Balls Steve Barnard to second
|
Batting: RHB Greg Herzig
|
0-0: Ball 1-0: Swinging Strike 1-1: Foul Ball, location: 2F 1-2: Strikes out looking
|
Batting: RHB Roger Salazar
|
0-0: Called Strike 0-1: Ball 1-1: SINGLE (Line Drive, 9LM, EV 102.5 MPH) Steve Barnard to third Mark Barger to second Runner from 3rd tries for Home, throw by RF and OUT! 9-2
|
Batting: RHB Bert Clark
|
0-0: Ball 1-0: Ball 2-0: Called Strike 2-1: Foul Ball, location: 2F 2-2: SINGLE (Groundball, 4MD, EV 103.1 MPH) Mark Barger to third Roger Salazar to second Runner from 3rd tries for Home, SAFE, throw by CF to home
|
Batting: LHB Andre Gorter
|
0-0: Foul Ball, location: 2F 0-1: Ball 1-1: Ball 2-1: DOUBLE (Line Drive, 89M, EV 107.5 MPH) Roger Salazar scores Bert Clark to third
|
Batting: RHB Jimmy Groseclose
|
0-0: Called Strike 0-1: Swinging Strike 0-2: Strikes out looking
|
Top of the 2nd over - 2 runs, 4 hits, 0 errors, 2 left on base; Miami 2 - St. Louis 0 |
BOTTOM OF THE 2ND |
St. Louis Cardinals batting - Pitching for Miami Marlins : RHP Julian Bush
|
Batting: SHB Billy Durham
|
0-0: Swinging Strike 0-1: Ball 1-1: Ball 2-1: SINGLE (Line Drive, 6MD, EV 96.9 MPH)
|
Batting: RHB Nick Gentzel
|
0-0: Ball 1-0: Called Strike 1-1: Ball 2-1: Called Strike 2-2: Ball Billy Durham steals 2nd base (no throw) 3-2: Strikes out swinging
|
Batting: SHB Hans Mikkelsen
|
0-0: Ball 1-0: Fly out, F8 (Flyball, 8RD, EV 106.2 MPH)
|
Batting: RHB Tim Nettles
|
0-0: Called Strike 0-1: Ground out 1-3 (Groundball, 13S, EV 75.0 MPH)
|
Bottom of the 2nd over - 0 runs, 1 hit, 0 errors, 1 left on base; Miami 2 - St. Louis 0 |
TOP OF THE 3RD |
Miami Marlins batting - Pitching for St. Louis Cardinals : LHP Brad Jonas
|
Batting: RHB Seth Tramontano
|
0-0: Called Strike 0-1: Ground out 4-3 (Groundball, 4, EV 77.5 MPH)
|
Batting: RHB Justin Huff
|
0-0: Ball 1-0: Ball 2-0: Swinging Strike 2-1: Fly out, F8 (Flyball, 8LD, EV 73.8 MPH)
|
Batting: RHB Steve Barnard
|
0-0: Foul Ball, location: 2F 0-1: Ball 1-1: Called Strike 1-2: Foul Ball, location: 2F 1-2: Foul Ball, location: 2F 1-2: Foul Ball, location: 2F 1-2: Strikes out swinging
|
Top of the 3rd over - 0 runs, 0 hits, 0 errors, 0 left on base; Miami 2 - St. Louis 0 |
BOTTOM OF THE 3RD |
St. Louis Cardinals batting - Pitching for Miami Marlins : RHP Julian Bush
|
Batting: SHB Luke Robbins
|
0-0: Ball 1-0: Bunt missed! 1-1: Fly out, F8 (Flyball, 8RS, EV 85.0 MPH)
|
Batting: LHB Tom Butterbaugh
|
0-0: Ground out 2-3 (Groundball, 13S, EV 72.5 MPH)
|
Batting: LHB Ben Rubenacker
|
0-0: Called Strike 0-1: Ball 1-1: Foul Ball, location: 2F 1-2: Strikes out swinging
|
Bottom of the 3rd over - 0 runs, 0 hits, 0 errors, 0 left on base; Miami 2 - St. Louis 0 |
TOP OF THE 4TH |
Miami Marlins batting - Pitching for St. Louis Cardinals : LHP Brad Jonas
|
Batting: RHB Mark Barger
|
0-0: Called Strike 0-1: Swinging Strike 0-2: Ball 1-2: SINGLE (Flyball, 34D, EV 91.9 MPH) - OUT at second base trying to stretch hit.
|
Batting: RHB Greg Herzig
|
0-0: Ball 1-0: Called Strike 1-1: Foul Ball, location: 2F 1-2: Strikes out looking
|
Batting: RHB Roger Salazar
|
0-0: Ball 1-0: Foul Ball, location: 2F 1-1: Swinging Strike 1-2: Ball 2-2: Ball 3-2: Ground out 5-3 (Groundball, 56S, EV 86.9 MPH)
|
Top of the 4th over - 0 runs, 1 hit, 0 errors, 0 left on base; Miami 2 - St. Louis 0 |
BOTTOM OF THE 4TH |
St. Louis Cardinals batting - Pitching for Miami Marlins : RHP Julian Bush
|
Batting: SHB Antoine Roux
|
0-0: SINGLE (Flyball, 6D, EV 93.8 MPH)
|
Batting: LHB Frank Hill
|
0-0: Called Strike 0-1: Ball 1-1: SINGLE (Groundball, 4D, EV 103.8 MPH) Antoine Roux to second Runner from 2nd tries for 3rd, SAFE, throw by RF made at trailing runner, OUT! 9-6
|
Batting: SHB Billy Durham
|
0-0: Fly out, F8 (Flyball, 8RM, EV 93.8 MPH)
|
Batting: RHB Nick Gentzel
|
0-0: Called Strike 0-1: Fly out, F9 (Flyball, 89XD, EV 92.5 MPH)
|
Bottom of the 4th over - 0 runs, 2 hits, 0 errors, 1 left on base; Miami 2 - St. Louis 0 |
TOP OF THE 5TH |
Miami Marlins batting - Pitching for St. Louis Cardinals : LHP Brad Jonas
|
Batting: RHB Bert Clark
|
0-0: Ball 1-0: Swinging Strike 1-1: Foul Ball, location: 2F 1-2: Ball 2-2: Ground out 5-3 (Groundball, 56S, EV 60.6 MPH)
|
Batting: LHB Andre Gorter
|
0-0: Ground out 1-3 (Groundball, 15S, EV 66.9 MPH)
|
Batting: RHB Jimmy Groseclose
|
0-0: Ball 1-0: Ball 2-0: Called Strike 2-1: Ball 3-1: Foul Ball, location: 2F 3-2: Base on Balls
|
Batting: RHB Seth Tramontano
|
0-0: SINGLE (Groundball, 6D, EV 103.8 MPH) Jimmy Groseclose to second
|
Batting: RHB Justin Huff
|
0-0: Ball 1-0: Ball 2-0: Foul Ball, location: 2F 2-1: Foul Ball, location: 2F 2-2: Foul Ball, location: 2F 2-2: 3-RUN HOME RUN (Line Drive, 8LXD, EV 106.9 MPH), Distance : 432 ft
|
Pitching: LHP Justin Harris
|
|
Batting: RHB Steve Barnard
|
0-0: Ball 1-0: Ball 2-0: Ball 3-0: Base on Balls
|
Batting: RHB Mark Barger
|
0-0: Ball 1-0: Called Strike 1-1: Fly out, F3 (Popup, 34, EV 72.5 MPH)
|
Top of the 5th over - 3 runs, 2 hits, 0 errors, 1 left on base; Miami 5 - St. Louis 0 |
BOTTOM OF THE 5TH |
St. Louis Cardinals batting - Pitching for Miami Marlins : RHP Julian Bush
|
Batting: SHB Hans Mikkelsen
|
0-0: Fly out, F9 (Flyball, 9LM, EV 95.6 MPH)
|
Batting: RHB Tim Nettles
|
0-0: Ball 1-0: Foul Ball, location: 2F 1-1: Ball 2-1: Ball 3-1: Base on Balls
|
Batting: SHB Luke Robbins
|
0-0: Ball Tim Nettles steals 2nd base 1-0: Called Strike 1-1: Ground out 4-3 (Groundball, 4, EV 103.1 MPH) Tim Nettles to third
|
Batting: LHB Tom Butterbaugh
|
0-0: Ball 1-0: Ground out 4-3 (Groundball, 4M, EV 88.8 MPH)
|
Bottom of the 5th over - 0 runs, 0 hits, 0 errors, 1 left on base; Miami 5 - St. Louis 0 |
TOP OF THE 6TH |
Miami Marlins batting - Pitching for St. Louis Cardinals : LHP Justin Harris
|
Batting: RHB Greg Herzig
|
0-0: Called Strike 0-1: Foul Ball, location: 2F 0-2: Foul Ball, location: 2F 0-2: Ball 1-2: Ball 2-2: SOLO HOME RUN (Flyball, 9LD, EV 94.4 MPH), Distance : 353 ft
|
Batting: RHB Roger Salazar
|
0-0: Foul Ball, location: 2F 0-1: Fly out, F8 (Flyball, 8LXD, EV 105.6 MPH)
|
Batting: RHB Bert Clark
|
0-0: Ball 1-0: Ball 2-0: Called Strike 2-1: Ball 3-1: Base on Balls
|
Batting: LHB Andre Gorter
|
0-0: Ball 1-0: Called Strike 1-1: DOUBLE (Flyball, 8RXD, EV 103.1 MPH) Bert Clark to third
|
Batting: RHB Jimmy Groseclose
|
0-0: Ball 1-0: Foul Ball, location: 2F 1-1: Ball 2-1: Ball Wild Pitch! Bert Clark scores Andre Gorter to third 3-1: DOUBLE (Line Drive, 89D, EV 101.9 MPH) Andre Gorter scores
|
Batting: RHB Seth Tramontano
|
0-0: Ball 1-0: Ball 2-0: Ball 3-0: Called Strike 3-1: Base on Balls
|
Pitching: RHP Steve Ryals
|
|
Batting: RHB Justin Huff
|
0-0: DOUBLE (Flyball, 8RXD, EV 100.6 MPH) Jimmy Groseclose scores Seth Tramontano to third Runner from 3rd tries for Home, SAFE, throw by CF to home
|
Batting: RHB Steve Barnard
|
0-0: Called Strike 0-1: Foul Ball, location: 2F 0-2: Ball 1-2: Foul Ball, location: 2F 1-2: Foul Ball, location: 2F 1-2: Ball 2-2: Foul Ball, location: 2F 2-2: DOUBLE (Line Drive, 89XD, EV 97.5 MPH) Justin Huff scores
|
Batting: RHB Mark Barger
|
0-0: Ball 1-0: SINGLE (Groundball, 6MD, EV 97.5 MPH) Steve Barnard to third Runner from 3rd tries for Home, SAFE, throw by CF to home Mark Barger to second
|
Batting: RHB Greg Herzig
|
0-0: Ball 1-0: SINGLE (Groundball, 6D, EV 103.8 MPH) Mark Barger to third Runner from 3rd tries for Home, SAFE, throw by CF to home
|
Batting: RHB Roger Salazar
|
0-0: Swinging Strike 0-1: Ball 1-1: Foul Ball, location: 2F 1-2: Grounds into double play, 5-4-3 (Groundball, 56, EV 79.4 MPH)
|
Top of the 6th over - 8 runs, 7 hits, 0 errors, 0 left on base; Miami 13 - St. Louis 0 |
BOTTOM OF THE 6TH |
St. Louis Cardinals batting - Pitching for Miami Marlins : RHP Julian Bush
|
Batting: LHB Ben Rubenacker
|
0-0: Ground out U3 (Groundball, 3, EV 107.5 MPH)
|
Batting: SHB Antoine Roux
|
0-0: Foul Ball, location: 2F 0-1: Swinging Strike 0-2: Foul Ball, location: 2F 0-2: Strikes out swinging
|
Batting: LHB Frank Hill
|
0-0: SINGLE (Groundball, 56D, EV 95.6 MPH)
|
Batting: SHB Billy Durham
|
0-0: Called Strike 0-1: Ball 1-1: Ball 2-1: Foul Ball, location: 2F 2-2: Foul Ball, location: 2F 2-2: Ball 3-2: Strikes out looking
|
Bottom of the 6th over - 0 runs, 1 hit, 0 errors, 1 left on base; Miami 13 - St. Louis 0 |
TOP OF THE 7TH |
Miami Marlins batting - Pitching for St. Louis Cardinals : RHP Steve Ryals
|
Pinch Hitting: RHB Josh Crenwelge
|
0-0: Ball 1-0: Swinging Strike 1-1: Ball 2-1: Ground out 5-3 (Groundball, 5S, EV 60.6 MPH)
|
Batting: LHB Andre Gorter
|
0-0: Ball 1-0: Ball 2-0: Ball 3-0: Base on Balls
|
Batting: RHB Jimmy Groseclose
|
0-0: Swinging Strike 0-1: Ball 1-1: Ball 2-1: Grounds into double play, 6-4-3 (Groundball, 6, EV 90.6 MPH)
|
Top of the 7th over - 0 runs, 0 hits, 0 errors, 0 left on base; Miami 13 - St. Louis 0 |
BOTTOM OF THE 7TH |
St. Louis Cardinals batting - Pitching for Miami Marlins : RHP Julian Bush
|
Now in LF: Eric Bailey
|
|
Batting: RHB Nick Gentzel
|
0-0: Called Strike 0-1: Ball 1-1: Ball 2-1: Ball 3-1: Base on Balls
|
Batting: SHB Hans Mikkelsen
|
0-0: Called Strike 0-1: 2-RUN HOME RUN (Flyball, 9D, EV 93.8 MPH), Distance : 371 ft
|
Batting: RHB Tim Nettles
|
0-0: Ball 1-0: Ball 2-0: Foul Ball, location: 2F 2-1: Ground out 6-3 (Groundball, 6D, EV 101.9 MPH)
|
Batting: SHB Luke Robbins
|
0-0: Ball 1-0: Ground out U3 (Groundball, 34, EV 88.8 MPH)
|
Batting: LHB Tom Butterbaugh
|
0-0: Called Strike 0-1: Called Strike 0-2: Ground out U3 (Groundball, 3L, EV 83.8 MPH)
|
Bottom of the 7th over - 2 runs, 1 hit, 0 errors, 0 left on base; Miami 13 - St. Louis 2 |
TOP OF THE 8TH |
Miami Marlins batting - Pitching for St. Louis Cardinals : RHP Steve Ryals
|
Batting: RHB Seth Tramontano
|
0-0: Called Strike 0-1: Ball 1-1: Ball 2-1: SOLO HOME RUN (Flyball, 78XD, EV 100.6 MPH), Distance : 393 ft
|
Batting: RHB Justin Huff
|
0-0: Swinging Strike 0-1: Ball 1-1: Ball 2-1: Foul Ball, location: 2F 2-2: Strikes out swinging
|
Pitching: RHP Luis Herrera
|
|
Batting: RHB Steve Barnard
|
0-0: Ball 1-0: Ball 2-0: Called Strike 2-1: Foul Ball, location: 2F 2-2: Ball 3-2: Foul Ball, location: 2F 3-2: Strikes out looking
|
Batting: RHB Mark Barger
|
0-0: Ground out 4-3 (Groundball, 4, EV 86.2 MPH)
|
Top of the 8th over - 1 run, 1 hit, 0 errors, 0 left on base; Miami 14 - St. Louis 2 |
BOTTOM OF THE 8TH |
St. Louis Cardinals batting - Pitching for Miami Marlins : RHP Julian Bush
|
Batting: LHB Ben Rubenacker
|
0-0: Swinging Strike 0-1: Foul Ball, location: 2F 0-2: Ball 1-2: Foul Ball, location: 2F 1-2: Strikes out swinging
|
Batting: SHB Antoine Roux
|
0-0: Ball 1-0: Ball 2-0: Foul Ball, location: 2F 2-1: SINGLE (Line Drive, 8LS, EV 94.4 MPH)
|
Batting: LHB Frank Hill
|
0-0: Called Strike 0-1: Ball 1-1: Called Strike 1-2: Fly out, F8 (Flyball, 8RM, EV 86.9 MPH)
|
Batting: SHB Billy Durham
|
0-0: Ball 1-0: Ball 2-0: Ball 3-0: Called Strike 3-1: 2-RUN HOME RUN (Flyball, 89XD, EV 100.0 MPH), Distance : 397 ft
|
Pinch Hitting: LHB Tim Olsen
|
0-0: Ball 1-0: Foul Ball, location: 2F 1-1: Foul Ball, location: 2F 1-2: Fly out, F3 (Line Drive, 3, EV 69.4 MPH)
|
Bottom of the 8th over - 2 runs, 2 hits, 0 errors, 0 left on base; Miami 14 - St. Louis 4 |
TOP OF THE 9TH |
Miami Marlins batting - Pitching for St. Louis Cardinals : RHP Luis Herrera
|
Now in RF: Tim Olsen
|
|
Batting: RHB Greg Herzig
|
0-0: Ball 1-0: Fly out, F3 (Popup, 3, EV 78.1 MPH)
|
Batting: RHB Roger Salazar
|
0-0: Swinging Strike 0-1: Ball 1-1: Ball 2-1: Ball 3-1: Ground out 4-3 (Groundball, 4, EV 100.6 MPH)
|
Batting: LHB Eric Bailey
|
0-0: Ball 1-0: Called Strike 1-1: Called Strike 1-2: Foul Ball, location: 2F 1-2: Ball 2-2: Ball 3-2: Base on Balls
|
Batting: LHB Andre Gorter
|
0-0: Fly out, F8 (Flyball, 8LS, EV 88.8 MPH)
|
Top of the 9th over - 0 runs, 0 hits, 0 errors, 1 left on base; Miami 14 - St. Louis 4 |
BOTTOM OF THE 9TH |
St. Louis Cardinals batting - Pitching for Miami Marlins : RHP Julian Bush
|
Pitching: RHP Ray Duncan
|
|
Batting: SHB Hans Mikkelsen
|
0-0: Foul Ball, location: 2F 0-1: Ball 1-1: Foul Ball, location: 2F 1-2: Strikes out swinging
|
Batting: RHB Tim Nettles
|
0-0: Swinging Strike 0-1: Ball 1-1: Ground out 6-3 (Groundball, 6, EV 108.8 MPH)
|
Batting: SHB Luke Robbins
|
0-0: Fly out, F8 (Flyball, 8LS, EV 91.9 MPH)
|
Bottom of the 9th over - 0 runs, 0 hits, 0 errors, 0 left on base; Miami 14 - St. Louis 4 |
|